 Seeded DCSS version 0.30-a0-250-g41c1d76940 (webtiles) character file.

Game seed: 4141030015017259440 (custom seed)

10 gzilladon the Sneak (level 2, -1/13 HPs)
             Began as a Spriggan Enchanter on Oct 12, 2022.
             Slain by an endoplasm (2 damage)
             ... on level 1 of the Dungeon.
             The game lasted 00:01:58 (224 turns).

gzilladon the Sneak (Spriggan Enchanter)             Turns: 224, Time: 00:01:59

Health: -1/13      AC:  2    Str:  4    XL:     2   Next: 10%
Magic:  1/6        EV: 17    Int: 16    God:
Gold:   7          SH:  0    Dex: 15    Spells: 4/6 levels left

rFire   . . .      SeeInvis +    a - +1 dagger
rCold   . . .      Faith    .    (no shield)
rNeg    . . .      Spirit   .    b - +0 robe
rPois   .          Reflect  .    (helmet restricted)
rElec   .          Harm     .    (no cloak)
rCorr   .          Rampage  .    (gloves unavailable)
Will    .....                    (boots unavailable)
Stlth   +++.......               (no amulet)
HPRegen 0.22/turn                (no ring)
MPRegen 0.10/turn                (no ring)

@: very quick
A: very small, no large weapons, unfitting armour, see invisible, speed 3
a: no special abilities


You were on level 1 of the Dungeon.
You visited 1 branch of the dungeon, and saw 1 of its levels.

You collected 7 gold pieces.

Inventory:

Hand Weapons
 a - a +1 dagger (weapon)
Armour
 b - a +0 robe (worn)
Scrolls
 d - a scroll of noise {unknown}
Potions
 c - 2 potions of invisibility


   Skills:
 * Level 1.3 Short Blades
 + Level 2.8 Dodging
 * Level 4.8 Stealth
 + Level 2.9 Spellcasting
 + Level 3.8 Hexes


You had 4 spell levels left.
You knew the following spells:

 Your Spells              Type           Power      Damage    Failure   Level
a - Ensorcelled Hibernat  Hex/Ice        16%        N/A       13%         2

Your spell library contained the following spells:

 Spells                   Type           Power      Damage    Failure   Level
 Confusing Touch          Hex            14%        N/A       12%         3
 Tukima's Dance           Hex            14%        N/A       12%         3
 Dazzling Flash           Conj/Hex       16%        N/A       26%         3


Dungeon Overview and Level Annotations

Branches:
Dungeon (1/15)

Altars:


Innate Abilities, Weirdness & Mutations

You are very small and have problems with some larger weapons.
You are too small for most types of armour.
You have supernaturally acute eyesight. (SInv)
You cover ground extremely quickly. (Speed+++)


Message History

The kobold hits you with a +0 club. The endoplasm closely misses you.
You barely miss the kobold. You punch the kobold, but do no damage.
The kobold is severely wounded.
The kobold completely misses you. The endoplasm hits you.
Your magical contamination has completely faded away.
You closely miss the kobold.
The kobold is severely wounded.
The kobold closely misses you. The endoplasm barely misses you.
You closely miss the kobold.
The kobold is severely wounded.
The kobold hits you but does no damage. The endoplasm freezes you.
You are frozen.
You closely miss the kobold.
The kobold is severely wounded.
The kobold closely misses you. The endoplasm completely misses you.
You hit the kobold but do no damage.
The kobold is severely wounded.
The kobold misses you. The endoplasm barely misses you.
You closely miss the kobold.
The kobold is severely wounded.
The kobold barely misses you. The endoplasm closely misses you.
You barely miss the kobold.
The kobold is severely wounded.
The kobold hits you with a +0 club.
The endoplasm jiggles.
The endoplasm misses you.
You hit the kobold but do no damage.
The kobold is severely wounded.
The kobold completely misses you. The endoplasm freezes you.
You are frozen.
* * * LOW HITPOINT WARNING * * *
You closely miss the kobold.
The kobold is severely wounded.
The kobold barely misses you. The endoplasm closely misses you.
You hit the kobold but do no damage.
The kobold is severely wounded.
The kobold barely misses you. The endoplasm hits you.
You die...

...#...#..#.#
..........#.#.#
..........#.#.####+####
.#.#...#..#.#.........#
......................#
......................#
............##........#
...#...#..####........#
...#...#..#.....@J....#
.......#..#.#.#.K######
..##.###......#..#
..##)†#.......#..#
......#.......#..#
#.##†.#.......#...
......##..#...#..##
..........#...#..#
#.##..##>####.#


You could see an endoplasm and a kobold.

Vanquished Creatures
  4 hobgoblins (D:1)
  2 kobolds (D:1)
  A quokka (D:1)
  A rat (D:1)
8 creatures vanquished.

Notes
Turn   | Place    | Note
-------+----------+-------------------------------------------
     0 | D:1      | gzilladon the Spriggan Enchanter began the quest for the
                  | Orb.
     0 | D:1      | Reached XP level 1. HP: 9/9 MP: 5/5
   123 | D:1      | Reached XP level 2. HP: 5/13 MP: 6/6
   183 | D:1      | Learned a level 2 spell: Ensorcelled Hibernation
   224 | D:1      | Slain by an endoplasm

Illustrated notes

Levels and vault maps discovered:
D:1:      dpeg_arrival_arbitrary_a, layout_basic,
          hellmonk_ecumenical_altar_inner_sanctum, serial_shops, shop

Action                   || total
-------------------------++-------
Melee: Dagger            ||    66
       Punch             ||     1
 Cast: Ensorcelled Hiber ||     2
Armor: Robe              ||     5
Dodge: Dodged            ||    57

Table legend: (Time is in decaauts)
 A = Elapsed time spent in this place.
 B = Non-inter-level travel time spent in this place.
 C = Inter-level travel time spent in this place.
 D = Time resting spent in this place.
 E = Time spent auto-exploring this place.
 F = Levels seen in this place.
 G = Mean time per level.
                   A        B        C        D        E       F      G
               +--------+--------+--------+--------+--------+-----+--------+
         Total |    190 |    190 |      0 |     77 |      0 |   1 |  190.0 |
       Dungeon |    190 |    190 |      0 |     77 |      0 |   1 |  190.0 |
               +--------+--------+--------+--------+--------+-----+--------+

Top non-repeatable levels by time:
     D:1: 190 daAuts
